AoeStats
← krodie1029

Baltic

510357872Analyzed
3v3 RM · 11h ago on Sep 30, 2026· 51m 20s· 6 players
Game mode
Random Map
Map size
Normal (6 player)
Population
200
Speed
Normal
Resources
Standard
Victory
Conquest
Starting age
Dark Age
Ending age
Imperial Age
RankedLock teamsTeams togetherTeam positionsShared explorationLock speedFull tech treeHidden civsTurbo modeCheats
Victory
Defeat
🇹🇷 Aztecs · Türkiye
767
+15
🇹🇷 Italians · Türkiye
731
+16
🇩🇰 Malians · Denmark
707
+17
🇿🇦 Byzantines · South Africa
810
-19
🇨🇴 Spanish · Colombia
755
-17
🇸🇰 Vikings · Slovakia
647
-12
SonOfRain
10:17 Feudal Age
11:48 Double-Bit Axe
13:24 Fishing Lines
14:27 Gold Mining
16:17 Horse Collar
20:51 Stone Mining
25:50 Castle Age
24:25 Padded Archer Armor
24:16 Fletching
26:43 Medium Warships
27:54 Gillnets
28:36 Ballistics
27:58 Treadmill Crane
28:28 Siphons
31:07 Imperial Age
30:32 Caravan
31:02 Coinage
30:45 Heated Shot
31:08 Careening
31:10 Clinker Construction
33:16 Chemistry
32:50 Heavy Warships
33:15 Stone Shaft Mining
32:59 Bow Saw
32:57 Heavy Plow
35:21 Wheelbarrow
34:32 Town Watch
34:34 Loom
35:28 Banking
35:20 Elite Cannon Galleon
39:00 Elite Genoese Crossbowman
40:20 Hand Cart
40:06 Town Patrol
44:17 Guilds
Brabus88
0:41 Loom
13:44 Feudal Age
15:39 Wheelbarrow
19:48 Double-Bit Axe
22:33 Castle Age
20:35 Horse Collar
23:38 Stone Mining
23:49 Gold Mining
24:17 Caravan
26:54 Heavy Plow
28:38 Forging
28:29 Scale Mail Armor
28:57 Bow Saw
28:41 Treadmill Crane
29:44 Masonry
31:01 Hand Cart
31:10 Guard Tower
32:33 Fortified Wall
32:42 Pikeman
35:39 Husbandry
35:49 Bloodlines
39:18 Arson
42:13 Iron Casting
50:29 Imperial Age
Norbert PICIGETO Foster
13:02 Feudal Age
14:06 Loom
16:41 Town Watch
19:07 Castle Age
17:41 Horse Collar
22:24 Heavy Plow
22:13 Double-Bit Axe
23:07 Bow Saw
29:37 Fishing Lines
29:53 Stone Mining
29:59 Gold Mining
32:38 Gold Shaft Mining
32:43 Stone Shaft Mining
32:49 Caravan
33:32 Wheelbarrow
33:09 Town Patrol
34:26 Gambesons
34:41 Squires
34:27 Arson
36:23 Treadmill Crane
36:38 Murder Holes
36:54 Fortified Wall
37:04 Ballistics
36:35 Heated Shot
37:03 Heavy Plow
37:15 Eagle Warrior
41:12 Imperial Age
40:50 Hand Cart
41:17 Forging
41:09 Scale Mail Armor
41:14 Atlatl
42:32 Crop Rotation
43:23 Elite Eagle Warrior
45:22 Garland Wars
45:24 Conscription
krodie1029
12:45 Feudal Age
14:11 Wheelbarrow
14:19 Horse Collar
14:40 Double-Bit Axe
21:46 Castle Age
20:08 Gold Mining
21:20 Bloodlines
21:50 Stone Mining
23:21 Husbandry
23:45 Scale Barding Armor
23:50 Forging
26:21 Hand Cart
29:24 Chain Barding Armor
30:08 Heavy Plow
32:52 Iron Casting
38:18 Imperial Age
39:29 Caravan
41:03 Cavalier
42:22 Plate Barding Armor
42:48 Blast Furnace
42:42 Conscription
46:20 Chemistry
45:41 Ballistics
45:19 Murder Holes
Hondkop
0:27 Loom
11:20 Feudal Age
18:52 Castle Age
34:34 Imperial Age
31:29 Elite Skirmisher
32:16 Horse Collar
36:47 Ballistics
37:29 Chemistry
36:27 Fletching
36:38 Scale Mail Armor
36:49 Forging
36:40 Padded Archer Armor
36:48 Scale Barding Armor
37:06 Conscription
36:38 Double-Bit Axe
36:56 Heavy Plow
37:36 Wheelbarrow
39:07 Hand Cart
39:40 Murder Holes
39:16 Pikeman
42:32 Thumb Ring
Slopers
11:39 Feudal Age
14:25 Double-Bit Axe
14:21 Horse Collar
15:58 Fishing Lines
25:03 Castle Age
26:36 Gold Mining
26:36 Stone Mining
27:12 Fletching
27:23 Padded Archer Armor
27:34 Forging
27:24 Scale Mail Armor
27:29 Scale Barding Armor
28:16 Ballistics
28:02 Siphons
28:07 Arson
28:22 Squires
30:48 Bow Saw
30:40 Heavy Plow
31:15 Arson
38:12 Imperial Age
35:41 Bodkin Arrow
36:01 Leather Archer Armor
Connection lost

Rejoining the realm…

Still unreachable

The connection could not be restored.

Session expired

The server has moved on; the page needs a fresh start.